Map: Moondance

Players

DPGJieShi (Jieshi) - Winner!

  • Race: Protoss Protoss
  • Spawn Location: 6:00

Epic

  • Race: Terran Terran
  • Spawn Location: 12:00

Event: DreamHack SC2 Masters 2022 Atlanta (Offline)

VOD

Have the link to the VOD?

Description

Time

  • Played on: Nov. 18, 2022, 10:13 a.m.
  • Length: 10:15

All games in this series

Show
View Real Time Build Order
Export as new Build Order

DPGJieShi Protoss - Winner!

Build Orders: 1 Gate Expand 

Get SALT Encoding   

  12  0:00  Probe  
  13  0:12  Probe  
  14  0:17  Pylon  
  14  0:25  Probe (Chrono Boost)  
  15  0:36  Gateway  
  15  0:37  Probe (Chrono Boost)  
  16  0:43  Probe (Chrono Boost)  
  16  0:47  Assimilator  
  17  0:51  Probe  
  18  1:03  Probe  
  19  1:15  Probe  
  20  1:27  Probe  
  20  1:29  Cybernetics Core  
  21  1:37  Nexus  
  21  1:43  Pylon  
  21  1:45  Probe  
  22  1:53  Assimilator  
  22  1:57  Probe  
  23  2:03  Adept (Chrono Boost)  
  23  2:06  Warp Gate  
  25  2:09  Probe  
  26  2:21  Probe  
  27  2:25  Robotics Facility  
  27  2:33  Probe, Stalker  
  30  2:49  Probe (Chrono Boost)  
  30  2:50  Probe (Chrono Boost), Gateway  
  34  2:59  Probe (Chrono Boost)  
  34  3:00  Probe (Chrono Boost)  
  34  3:01  Gateway  
  34  3:04  Probe (Chrono Boost)  
  34  3:09  Probe  
  36  3:15  Stalker  
  36  3:17  Probe  
  36  3:19  Observer (Chrono Boost)  
  40  3:21  Probe  
  39  3:31  Probe  
  39  3:32  Gateway, Pylon  
  39  3:33  Probe  
  41  3:39  Warp Prism (Chrono Boost)  
  41  3:43  Probe  
  44  3:51  Probe  
  44  3:54  Stalker  
  44  3:55  Probe  
  48  3:57  Stalker  
  48  4:01  Stalker  
  52  4:04  Pylon  
  52  4:18  Observer  
  52  4:19  Observer  
  51  4:25  Stalker x3  
  51  4:28  Probe x2  
  53  4:37  Stalker  
  55  4:40  Probe x2  
  57  4:50  Pylon  
  57  4:51  Stalker x2  
  61  5:00  Nexus  
  61  5:01  Probe  
  62  5:09  Adept  
  62  5:10  Adept  
  59  5:23  Probe (Chrono Boost)  
  59  5:24  Probe (Chrono Boost)  
  61  5:30  Stalker x2  
  65  5:38  Probe x2 (Chrono Boost)  
  65  5:41  Observer  
  61  5:49  Robotics Bay, Probe  
  62  5:50  Twilight Council  
  62  6:01  Probe (Chrono Boost)  
  62  6:02  Probe (Chrono Boost)  
  62  6:12  Assimilator  
  62  6:14  Probe x2 (Chrono Boost), Assimilator  
  62  6:17  Zealot x3  
  62  6:18  Zealot  
  72  6:19  Probe x2 (Chrono Boost)  
  72  6:22  Pylon  
  68  6:37  Colossus (Chrono Boost)  
  68  6:38  Probe (Chrono Boost)  
  61  6:40  Probe (Chrono Boost)  
  61  6:44  Forge  
  68  6:50  Probe (Chrono Boost)  
  68  6:52  Probe (Chrono Boost)  
  70  6:56  Charge (Chrono Boost)  
  70  6:58  Probe (Chrono Boost)  
  70  7:00  Probe (Chrono Boost)  
  70  7:01  Extended Thermal Lance, Probe (Chrono Boost)  
  73  7:07  Pylon  
  73  7:08  Probe x2 (Chrono Boost)  
  76  7:09  Probe (Chrono Boost)  
  76  7:13  Zealot x3  
  82  7:18  Protoss Ground Weapons Level 1 (Chrono Boost), Zealot  
  82  7:22  Probe x2  
  86  7:23  Probe  
  87  7:31  Colossus (Chrono Boost)  
  93  7:42  Probe x2  
  93  7:43  Sentry, Gateway  
  97  7:47  Gateway  
  97  7:58  Pylon  
  95  8:01  Pylon  
  95  8:04  Pylon  
  93  8:08  Pylon  
  93  8:10  Zealot  
  93  8:11  Zealot x3  
  97  8:17  Colossus (Chrono Boost)  
  97  8:19  Blink (Chrono Boost)  
  101  8:27  Nexus  
  101  8:28  Pylon  
  101  8:36  Photon Cannon  
  101  8:38  Shield Battery  
  101  8:39  Pylon  
  101  8:42  Gateway  
  101  8:47  Shield Battery  
  101  8:50  Zealot x3  
  101  8:52  Sentry, Observer  
  101  8:53  Sentry  
  111  8:59  Zealot  
  113  9:04  Colossus  
  117  9:10  Probe  
  117  9:11  Probe x2  
  118  9:19  Photon Cannon  
  118  9:22  Shield Battery, Photon Cannon  
  118  9:24  Shield Battery  
  118  9:27  Pylon  
  118  9:36  Zealot x2  
  122  9:43  Pylon  
  116  9:46  Zealot x3  
  116  9:50  Zealot  
  118  9:55  Zealot  
  118  9:56  Probe  
  118  9:57  Probe x2  
  121  10:00  Stalker  
  121  10:03  Zealot  
  121  10:09  Zealot  
  121  10:10  Zealot  
Show
View Real Time Build Order
Export as new Build Order

Epic Terran 

Build Orders:  

Get SALT Encoding   

  12  0:00  SCV  
  13  0:12  SCV  
  14  0:16  Supply Depot  
  14  0:24  SCV  
  15  0:38  SCV, Barracks  
  16  0:43  Refinery  
  16  0:50  SCV  
  17  1:02  SCV  
  18  1:14  SCV  
  19  1:27  Orbital Command, Marine  
  20  1:43  Command Center  
  20  1:54  SCV  
  20  1:59  Factory  
  21  2:03  Barracks Reactor  
  21  2:06  SCV  
  22  2:11  Supply Depot  
  22  2:18  SCV  
  22  2:20  Refinery  
  23  2:33  SCV  
  24  2:45  SCV, Starport  
  24  2:48  Hellion x2  
  24  2:51  Marine  
  30  2:56  Orbital Command  
  30  2:57  SCV  
  31  3:12  Widow Mine x2  
  35  3:18  SCV  
  36  3:21  Orbital Command  
  36  3:24  Medivac  
  37  3:30  SCV  
  42  3:34  Widow Mine x2  
  42  3:39  Supply Depot  
  42  3:42  SCV  
  42  3:46  SCV  
  44  3:52  Barracks  
  44  3:54  SCV  
  45  4:02  Factory Tech Lab  
  45  4:04  SCV  
  45  4:06  SCV  
  45  4:07  Supply Depot, Marine x2  
  49  4:10  Starport Tech Lab  
  49  4:16  Barracks  
  49  4:19  SCV x2  
  51  4:30  Raven  
  45  4:31  Siege Tank, Marine x2  
  45  4:35  Bunker, SCV  
  45  4:37  SCV  
  52  4:40  Barracks Tech Lab  
  52  4:43  Bunker  
  52  4:49  SCV  
  52  4:50  Supply Depot, SCV  
  52  4:51  Marine x2  
  52  5:05  SCV x2  
  48  5:08  Marine x2  
  48  5:09  Marine x2  
  44  5:21  Stimpack, Siege Tank  
  44  5:27  SCV  
  44  5:28  Viking  
  48  5:29  Marine  
  45  5:38  Marine  
  45  5:39  SCV  
  40  5:57  SCV, Marine x2  
  41  6:04  Marauder  
  43  6:11  Supply Depot  
  43  6:13  SCV, Marauder  
  43  6:16  Marine  
  43  6:17  Marine  
  46  6:29  Orbital Command  
  46  6:31  SCV  
  44  6:33  Marauder  
  44  6:35  Marauder  
  43  6:44  Medivac  
  45  6:49  SCV  
  46  7:00  Marauder  
  48  7:05  Marauder  
  48  7:08  SCV x2  
  52  7:11  Marine  
  52  7:12  Marine  
  54  7:23  Supply Depot  
  54  7:26  Supply Depot  
  54  7:28  Combat Shield  
  54  7:41  Starport Reactor  
  54  7:45  SCV x2, Marine x4  
  54  7:47  Supply Depot  
  60  7:57  SCV x2  
  60  8:05  Refinery  
  57  8:08  Marauder x2  
  57  8:09  SCV x2  
  57  8:11  Supply Depot  
  63  8:15  Engineering Bay  
  63  8:20  Marine x2  
  63  8:25  SCV  
  63  8:26  SCV  
  67  8:29  Marauder  
  67  8:30  Medivac  
  67  8:31  Concussive Shells  
  71  8:38  SCV x2  
  71  8:41  Medivac  
  77  8:49  Marine  
  77  8:50  Marine  
  77  8:51  Marauder  
  77  8:52  SCV x2  
  78  9:09  SCV x2  
  78  9:11  Marine x2  
  78  9:12  Marauder  
  82  9:17  Siege Tank  
  85  9:25  Supply Depot  
  85  9:27  Supply Depot  
  85  9:32  SCV  
  86  9:47  SCV, Marauder x2  
  81  9:56  Marine x2  
  81  10:00  SCV x2  
Tags
 
Add a new tag
Caveats
  • Supply blocks, unpowered buildings, or Contaminate may cause inaccurate times.
  • Supply counts are checked every 10 seconds.